AoeStats
← Blyad _Mann

MegaRandom

508958214Analyzed
4v4 RM · 7d ago on Sep 24, 2026· 43m 26s· 8 players
Game mode
Random Map
Map size
Large (8 player)
Population
200
Speed
Normal
Resources
Standard
Victory
Conquest
Starting age
Dark Age
Ending age
Imperial Age
RankedLock teamsTeams togetherTeam positionsShared explorationLock speedFull tech treeHidden civsTurbo modeCheats
Victory
Defeat
🇺🇸 Bohemians · United States
954
+40
🇺🇸 Danes · United States
950
+16
🇬🇷 Japanese · Greece
948
+16
🇬🇷 Bulgarians · Greece
941
+17
🇳🇱 Danes · Netherlands
995
-18
🇨🇴 Mapuche · Colombia
982
-17
🇨🇱 Magyars · Chile
934
-15
🇪🇨 Gurjaras · Ecuador
914
-15
Austin
3:42 Loom
14:16 Feudal Age
16:05 Wheelbarrow
15:18 Double-Bit Axe
15:15 Horse Collar
23:35 Castle Age
24:51 Pikeman
25:32 Squires
26:47 Hand Cart
26:52 Bow Saw
29:09 Heavy Plow
29:27 Forging
29:18 Scale Mail Armor
37:05 Imperial Age
35:25 Chain Mail Armor
35:46 Iron Casting
36:25 Fletching
36:36 Padded Archer Armor
39:18 Two-Man Saw
40:33 Wagenburg Tactics
40:48 Murder Holes
41:25 Halberdier
43:13 Chemistry
Lordnino
7:35 Loom
14:13 Feudal Age
15:13 Double-Bit Axe
15:09 Horse Collar
21:02 Castle Age
20:25 Gold Mining
20:33 Stone Mining
22:22 Bow Saw
22:14 Heavy Plow
23:27 Gambesons
23:56 Forging
23:27 Pikeman
24:11 Scale Mail Armor
25:03 Iron Casting
25:02 Squires
25:37 Chain Mail Armor
25:46 Fletching
26:51 Bodkin Arrow
27:15 Padded Archer Armor
27:04 Arson
28:12 Town Watch
28:47 Leather Archer Armor
27:55 Man-at-Arms
30:04 Fishing Lines
33:46 Wheelbarrow
33:21 Thumb Ring
33:32 Scale Barding Armor
33:29 Town Patrol
34:34 Stone Shaft Mining
35:16 Gold Shaft Mining
37:51 Imperial Age
35:40 Hand Cart
35:48 Chain Barding Armor
36:33 Ballistics
37:08 Guard Tower
37:55 Murder Holes
39:39 Conscription
39:53 Plate Mail Armor
38:47 Elite Varangian Guard
39:28 Gillnets
40:26 Hoardings
41:12 Blast Furnace
41:39 Keep
40:50 Arrowslits
41:33 Bracer
41:30 Elite Jomsviking
42:07 Hamask
gtzilas
13:28 Feudal Age
14:17 Double-Bit Axe
18:28 Castle Age
18:56 Wheelbarrow
20:17 Bow Saw
20:27 Horse Collar
21:44 Squires
21:56 Heavy Plow
22:52 Loom
25:19 Scale Mail Armor
26:39 Pikeman
28:46 Gold Mining
28:50 Stone Mining
29:38 Hand Cart
29:56 Chain Mail Armor
30:47 Gold Shaft Mining
32:41 Forging
35:50 Imperial Age
34:25 Arson
35:18 Iron Casting
36:40 Elite Samurai
37:51 Plate Mail Armor
38:22 Blast Furnace
37:32 Town Watch
39:15 Kataparuto
39:50 Town Patrol
40:13 Conscription
Gladiator
1:59 Loom
13:59 Feudal Age
16:36 Forging
18:51 Castle Age
17:29 Double-Bit Axe
19:06 Fishing Lines
22:50 Wheelbarrow
22:16 Horse Collar
22:54 Gillnets
24:46 Stone Mining
26:53 Heavy Plow
26:57 Scale Mail Armor
30:59 Hand Cart
33:28 Imperial Age
31:32 Bloodlines
31:22 Husbandry
31:32 Scale Barding Armor
32:03 Iron Casting
32:25 Stirrups
34:53 Crop Rotation
34:48 Chain Barding Armor
37:28 Blast Furnace
37:09 Plate Barding Armor
36:51 Gold Mining
37:55 Stone Shaft Mining
39:23 Chain Mail Armor
39:30 Elite Konnik
Blyad _Mann
0:31 Loom
13:20 Feudal Age
15:33 Gold Mining
20:35 Castle Age
18:33 Double-Bit Axe
19:04 Stone Mining
19:24 Horse Collar
20:05 Scale Mail Armor
21:58 Squires
21:43 Arson
22:12 Forging
22:17 Chain Mail Armor
24:13 Gambesons
27:29 Wheelbarrow
30:41 Iron Casting
30:21 Chain Mail Armor
31:21 Hand Cart
32:37 Hamask
33:54 Heavy Plow
34:21 Chain Mail Armor
37:43 Imperial Age
35:00 Man-at-Arms
35:56 Town Watch
36:19 Long Swordsman
37:44 Elite Jomsviking
38:46 Conscription
37:49 Two-Handed Swordsman
39:45 Blast Furnace
39:15 Plate Mail Armor
38:49 Champion
42:17 Elite Varangian Guard
j.garcia-22
4:48 Loom
Lordcreos
12:09 Feudal Age
10:25 Loom
12:44 Double-Bit Axe
15:51 Wheelbarrow
18:13 Castle Age
17:38 Fishing Lines
21:48 Fletching
22:17 Gillnets
25:18 Hand Cart
25:16 Bow Saw
25:16 Bodkin Arrow
25:41 Fervor
27:39 Gold Mining
27:40 Stone Mining
29:30 Padded Archer Armor
33:11 Imperial Age
31:07 Bloodlines
32:13 Thumb Ring
33:48 Ballistics
34:17 Gold Shaft Mining
35:06 Chemistry
34:08 Bracer
35:00 Conscription
35:23 Husbandry
37:32 Frontier Guards
37:56 Forging
37:52 Scale Barding Armor
39:11 Elite Elephant Archer
40:50 Light Cavalry
GERMANICO7222
5:29 Loom
11:39 Feudal Age
13:19 Double-Bit Axe
15:36 Horse Collar
19:02 Scale Barding Armor
22:17 Bloodlines
26:15 Castle Age
24:18 Gold Mining
26:57 Wheelbarrow
28:07 Husbandry
28:34 Chain Barding Armor
Connection lost

Rejoining the realm…

Still unreachable

The connection could not be restored.

Session expired

The server has moved on; the page needs a fresh start.